Map: Romanticide LE

Players

Trap

  • Race: Protoss Protoss
  • Spawn Location: 11:00

Astrea - Winner!

  • Race: Protoss Protoss
  • Spawn Location: 5:00

Event: IEM Katowice 2021

VOD

Have the link to the VOD?

Description

Time

  • Played on: Feb. 24, 2021, 11:49 a.m.
  • Length: 3:11

All games in this series

Show
View Real Time Build Order
Export as new Build Order

Trap Protoss 

Build Orders: Nexus First 

Get SALT Encoding   

  12  0:00  Probe  
  13  0:12  Probe  
  14  0:18  Pylon  
  14  0:25  Probe (Chrono Boost)  
  15  0:37  Probe (Chrono Boost)  
  16  0:45  Probe (Chrono Boost)  
  17  0:51  Probe  
  18  1:00  Nexus  
  18  1:10  Gateway  
  18  1:13  Probe  
  19  1:20  Assimilator  
  20  1:25  Probe  
  20  1:27  Assimilator  
  20  1:39  Probe  
  21  1:52  Forge  
  21  1:55  Zealot (Chrono Boost)  
  21  2:01  Pylon  
  23  2:06  Cybernetics Core  
  23  2:13  Zealot (Chrono Boost)  
  25  2:19  Probe x2  
  27  2:26  Photon Cannon  
  27  2:37  Photon Cannon  
  27  2:43  Stalker (Chrono Boost)  
Show
View Real Time Build Order
Export as new Build Order

Astrea Protoss - Winner!

Build Orders: 1 Gate Expand 

Get SALT Encoding   

  12  0:00  Probe  
  13  0:12  Probe  
  14  0:17  Pylon  
  14  0:24  Probe (Chrono Boost)  
  15  0:36  Probe (Chrono Boost)  
  15  0:37  Gateway  
  16  0:45  Probe (Chrono Boost)  
  16  0:46  Assimilator  
  17  0:51  Probe  
  18  1:03  Probe  
  19  1:24  Zealot (Chrono Boost), Nexus  
  21  1:39  Pylon  
  21  1:43  Zealot  
  23  1:53  Forge  
  23  2:10  Zealot (Chrono Boost)  
  25  2:16  Probe  
  25  2:22  Pylon  
  26  2:27  Photon Cannon  
  26  2:43  Photon Cannon  
  26  2:45  Photon Cannon  
  25  2:54  Probe  

Tags
 
Add a new tag
Caveats
  • Supply blocks, unpowered buildings, or Contaminate may cause inaccurate times.
  • Supply counts are checked every 10 seconds.